 Dungeon Crawl Stone Soup version 0.23.2-1-ga50397a6bc (webtiles) character file.

Game seed: 11652819992633788020

1162 Foic the Sneak (level 8, -6/58 HPs)
             Began as a Human Assassin on May 12, 2019.
             Was an Initiate of Dithmenos.
             Killed by nerve-wracking pain
             ... invoked by a shadow imp
              (10 damage)
             ... on level 7 of the Dungeon.
             The game lasted 00:29:11 (6611 turns).

Foic the Sneak (Human Assassin)                     Turns: 6611, Time: 00:29:12

Health: -6/58      AC:  8    Str: 13    XL:     8   Next: 67%
Magic:  0/8        EV: 15    Int: 11    God:    Dithmenos [......]
Gold:   393        SH:  0    Dex: 16    Spells: 7/7 levels left

rFire    . . .     SeeInvis .   a - +3 dagger
rCold    . . .     Gourm    .   (no shield)
rNeg     . . .     Faith    .   c - +0 robe
rPois    .         Spirit   +   o - +0 helmet
rElec    .         Reflect  .   r - scarf {Spirit}
rCorr    .         Harm     .   j - +2 pair of gloves
MR       .....                  E - +1 pair of boots
Stlth    ++++......             (no amulet)
HPRegen  0.19/turn              (no ring)
MPRegen  0.11/turn              (no ring)

@: no status effects
A: no striking features
a: Renounce Religion


You were on level 7 of the Dungeon.
You worshipped Dithmenos.
Dithmenos was noncommittal.
You were not hungry.

You visited 1 branch of the dungeon, and saw 7 of its levels.

You collected 393 gold pieces.

Inventory:

Hand Weapons
 a - a +3 dagger (weapon)
 b - a +0 blowgun
Missiles
 e - 47 poisoned needles
 f - 2 curare-tipped needles
 t - 7 tomahawks of returning (quivered)
Armour
 c - a +0 robe (worn)
 d - a +0 cloak
 i - a +0 leather armour
 j - a +2 pair of gloves (worn)
 o - a +0 helmet (worn)
 r - a scarf of spirit shield (worn)
 E - a +1 pair of boots (worn)
Wands
 v - a wand of digging (8)
 y - a wand of flame (24)
 A - a wand of iceblast (10)
 B - a wand of paralysis (6)
Scrolls
 h - 2 scrolls of remove curse
 k - a scroll of immolation {unknown}
 l - 2 scrolls of teleportation
 m - 2 scrolls of fog {unknown}
 n - a scroll of random uselessness {unknown}
 p - 2 scrolls of blinking {unknown}
 q - 4 scrolls of enchant weapon
 s - 5 scrolls of identify
 w - a scroll of summoning {unknown}
 x - a scroll of amnesia {unknown}
Potions
 u - a potion of agility
 z - 2 potions of brilliance {unknown}
 D - a potion of heal wounds {unknown}
Comestibles
 g - 15 rations
 C - 5 chunks of flesh


   Skills:
 + Level 3.2 Fighting
 * Level 5.8 Short Blades
 - Level 2.0 Throwing
 * Level 4.5 Dodging
 * Level 7.7 Stealth


You had 7 spell levels left.
You didn't know any spells.
Your spell library contained the following spells:

 Spells                   Type           Power        Failure   Level  Hunger
 Sting                    Conj/Pois      #...         34%         1    ##.....
 Summon Small Mammal      Summ           #...         34%         1    ##.....
 Call Imp                 Summ           #.......     47%         2    ###....
 Poisonous Vapours        Pois/Air       #.....       47%         2    ###....
 Call Canine Familiar     Summ           #.......     71%         3    ####...
 Mephitic Cloud           Conj/Pois/Air  #.......     71%         3    ####...
 Summon Guardian Golem    Hex/Summ       #.......     71%         3    ####...
 Olgreb's Toxic Radiance  Pois           #.......     98%         4    #####..
 Summon Ice Beast         Ice/Summ       #.......     98%         4    #####..
 Summon Lightning Spire   Summ/Air       #.......     98%         4    #####..
 Venom Bolt               Conj/Pois      #.........   100%        5    ######.


Dungeon Overview and Level Annotations

Branches:
Dungeon (8/15)               Lair (0/6) D:8
 Temple: D:4-7

Altars:
Ashenzari
Cheibriados
Dithmenos
Gozag
Hepliaklqana
Qazlal
Sif Muna
Trog

Annotations:
D:3 1 runed translucent door, Crazy Yiuf, Pikel


Message History

The centaur closely misses you.
You hit the centaur but do no damage.
The centaur is almost dead.
The centaur hits you.
* * * LOW HITPOINT WARNING * * *
The shadow imp closely misses you.
You barely miss the centaur.
The centaur is almost dead.
The centaur barely misses you.
The shadow imp hits you but does no damage.
The centaur wields a +0 shortbow.
The centaur shoots an arrow.
The arrow hits you but does no damage.
You see here an arrow.
The shadow imp picks up a beetle and eats it.
You see here an arrow.
The shadow imp laughs crazily.
Some of the chunks of flesh in your inventory have rotted away.
The shadow imp gestures at you. Pain shoots through your body!
You die...

# ##...##
#.############.###.######
###.#..........[......)....
....?.........##.###.######
...........^........##
.)./....#####.##.####
....#.#†# #.##.# # #
#(#####.##>#
#c5.@....#.#### ##
#######.......######.
###.##.#)..##....
#...##.#.#.......
#.####.#...##.### #.#
#.######.# #.# #.# #.# #.#
#.# #.# #.# #.######.#


You could see a centaur and a shadow imp.

Vanquished Creatures
  A black bear (D:7)
  2 ogres (D:7)
  2 centaurs
  2 bullfrogs (D:7)
  2 scorpions (D:5)
  A crimson imp (D:5)
  A jelly (D:5)
  An orc priest (D:3)
  2 hounds
  Jessica (D:3)
  Ijyb (D:3)
  An orc wizard (D:5)
  3 worker ants
  Terence (D:3)
  A hound zombie (D:5)
  6 adders
  2 gnolls
  An ooze (D:1)
  4 dart slugs
  4 leopard geckos
  11 orcs
  3 ball pythons
  4 giant cockroaches
  6 hobgoblins
  15 jackals
  A quokka (D:5)
  3 bats
  6 frilled lizards
  4 goblins
  A jackal skeleton (D:5)
  7 kobolds
  A leopard gecko zombie (D:5)
  6 rats
107 creatures vanquished.

Notes
Turn   | Place    | Note
-------+----------+-------------------------------------------
     0 | D:1      | Foic the Human Assassin began the quest for the Orb.
     0 | D:1      | Reached XP level 1. HP: 16/16 MP: 1/1
   235 | D:1      | Reached XP level 2. HP: 22/22 MP: 2/2
   457 | D:1      | Reached XP level 3. HP: 7/27 MP: 3/3
  1132 | D:2      | Reached skill level 5 in Stealth
  1147 | D:2      | Found a hazy altar of Hepliaklqana.
  1150 | D:2      | Found a stormy altar of Qazlal.
  1319 | D:2      | Reached XP level 4. HP: 28/33 MP: 4/4
  1940 | D:3      | Noticed Jessica
  1961 | D:3      | Killed Jessica
  1961 | D:3      | Reached XP level 5. HP: 34/38 MP: 1/5
  2043 | D:3      | Noticed Ijyb
  2056 | D:3      | Killed Ijyb
  2184 | D:3      | Noticed Terence
  2276 | D:3      | Killed Terence
  2483 | D:3      | Found a runed translucent door.
  2484 | D:3      | Noticed Crazy Yiuf
  2708 | D:3      | Reached XP level 6. HP: 44/44 MP: 6/6
  3135 | D:4      | Reached skill level 6 in Stealth
  3138 | D:4      | Noticed a slave
  3141 | D:4      | Noticed a slave
  3142 | D:4      | Noticed a slave
  3142 | D:4      | Noticed Pikel
  3143 | D:4      | Noticed a slave
  4105 | D:5      | Entered Level 5 of the Dungeon
  4133 | D:5      | Reached XP level 7. HP: 15/51 MP: 5/7
  4353 | D:5      | Found a shattered altar of Ashenzari.
  4354 | D:5      | Found a snail-covered altar of Cheibriados.
  4355 | D:5      | Found a shadowy altar of Dithmenos.
  4355 | D:5      | Found a deep blue altar of Sif Muna.
  4355 | D:5      | Found a bloodstained altar of Trog.
  4356 | D:5      | Found an opulent altar of Gozag.
  4418 | D:5      | Became a worshipper of Dithmenos the Shadowed
  4593 | D:5      | Paralysed by a centaur for 6 turns
  4990 | D:5      | Reached skill level 5 in Short Blades
  5602 | D:5      | You fall through a shaft for 3 floors!
  5824 | D:8      | Found a staircase to the Lair.
  5824 | D:8      | Noticed a troll
  5892 | D:7      | Reached XP level 8. HP: 7/58 MP: 2/8
  5925 | D:7      | Reached skill level 7 in Stealth
  6423 | D:7      | You fall through a shaft!
  6611 | D:7      | Killed from afar by a shadow imp

Skill      XL: |  1  2  3  4  5  6  7  8 |
---------------+-------------------------+-----
Stealth        | 5 6 7 |  7.7
Short Blades   | 3 4 5 |  5.8
Dodging        | 2 3 4 |  4.5
Fighting       | 3 |  3.2
Throwing       | |  2.0

Action                   |  1- 3 |  4- 6 |  7- 9 || total
-------------------------+-------+-------+-------++-------
Melee: Dagger            |    72 |   261 |   217 ||   550
Throw: Tomahawk          |       |     3 |       ||     3
  Use: Scroll            |     4 |     1 |     1 ||     6
       Potion            |       |     3 |       ||     3
 Stab: Sleeping          |     4 |    11 |    11 ||    26
  Eat: Chunk             |     1 |     6 |     4 ||    11
       Ration            |       |     1 |     1 ||     2
Armor: Robe              |    13 |    46 |    55 ||   114
Dodge: Dodged            |    39 |   143 |   141 ||   323
